 Dungeon Crawl Stone Soup version 0.29-a0-341-g24ffce5b50 (webtiles) character file.

Game seed: 220732363324173695

255 enile the Grave Robber (level 5, -5/49 HPs)
             Began as a Troll Wanderer on Apr 21, 2022.
             Was a Follower of Uskayaw.
             Slain by an orc priest
             ... wielding a +0 short sword
              (6 damage)
             ... on level 4 of the Dungeon.
             The game lasted 00:03:39 (2156 turns).

enile the Grave Robber (Troll Wanderer)             Turns: 2156, Time: 00:03:40

Health: -5/49      AC:  4    Str: 21    XL:     5   Next: 91%
Magic:  2/5        EV: 10    Int:  9    God:    Uskayaw [*.....]
Gold:   205        SH:  0    Dex:  9    Spells: 6/6 levels left

rFire   . . .      SeeInvis .     - Unarmed
rCold   . . .      Faith    .   (no shield)
rNeg    . . .      Spirit   .   e - +0 robe
rPois   .          Reflect  .   (helmet restricted)
rElec   .          Harm     .   (no cloak)
rCorr   .          Rampage  .   (gloves unavailable)
Will    .....                   (boots unavailable)
Stlth   +.........              (no amulet)
HPRegen 0.96/turn               (no ring)
MPRegen 0.09/turn               (no ring)

@: confused, mighty, hasted, very quick
A: large, unfitting armour, claws 3, regeneration 1, shaggy fur 1, tough skin 1
a: Renounce Religion, Stomp


You were on level 4 of the Dungeon.
You worshipped Uskayaw.
Uskayaw was noncommittal.
You visited 1 branch of the dungeon, and saw 4 of its levels.

You collected 205 gold pieces.

Inventory:

Missiles
 b - 15 boomerangs (quivered)
 d - 141 stones
Armour
 e - a +0 robe (worn)
Wands
 l - a wand of acid (9)
Scrolls
 c - 2 scrolls of fog
 f - a scroll of teleportation {unknown}
 g - 3 scrolls of identify {unknown}
 k - a scroll of silence {unknown}
 p - a scroll of magic mapping {unknown}
Potions
 a - a potion of mutation {unknown}
 h - a potion of might
 j - a potion of heal wounds {unknown}
 m - a potion of lignification {unknown}
 n - a potion of attraction {unknown}
 o - a potion of haste
 q - 2 potions of cancellation {unknown}


   Skills:
 - Level 2.0 Fighting
 - Level 1.7 Throwing
 - Level 3.0 Dodging
 - Level 1.0 Stealth
 - Level 2.0 Unarmed Combat
 - Level 1.0 Spellcasting
 - Level 4.1 Necromancy
 - Level 1.0 Earth Magic
 + Level 1.8 Evocations


You had 6 spell levels left.
You didn't know any spells.
Your spell library contained the following spells:

 Spells                   Type           Power      Damage    Failure   Level
 Animate Skeleton         Necr           14%        N/A       7%          1
 Vampiric Draining        Necr           7%         2d6       21%         3
 Sandblast                Erth           4%         2d4       24%         1
 Magic Dart               Conj           0%         1d3       36%         1
 Searing Ray              Conj           0%         2d4       50%         2
 Stone Arrow              Conj/Erth      2%         3d7       65%         3
 Conjure Flame            Conj/Fire      0%         6-21      73%         3
 Gell's Gravitas          Tloc           0%         N/A       73%         3
 Ignite Poison            Fire/Tmut/Pois 0%         N/A       73%         3
 Teleport Other           Tloc           0%         N/A       73%         3
 Anguish                  Hex/Necr       2%         N/A       85%         4
 Fulminant Prism          Conj/Hex       0%         3d6       98%         4
 Sticky Flame             Conj/Fire      0%         2d3       98%         4
 Dispersal                Tloc           0%         N/A       100%        6


Dungeon Overview and Level Annotations

Branches:
Dungeon (4/15)
 Temple: D:4-7

Altars:
Elyvilon
Uskayaw

Shops:
D:3 =

Annotations:
D:3 2 transporters


Innate Abilities, Weirdness & Mutations

You are too large for most types of armour.
You have claws for hands.
Your natural rate of healing is unusually fast.
You are covered in fur. (AC +1)
You have tough skin. (AC +1)


Message History

The orc priest mumbles some strange prayers to Beogh against you.
Beogh smites you! The orc barely misses you. The adder bites you.
You are poisoned.
The adder poisons you!
You scratch the orc wizard.
The orc wizard is heavily wounded.
You feel sick.
The orc wizard hits you with a +0 dagger.
The orc priest hits you with a +0 short sword.
* * * LOW HITPOINT WARNING * * *
The orc hits you with a +0 mace.
* * * LOW HITPOINT WARNING * * *
The adder bites you.
* * * LOW HITPOINT WARNING * * *
You stomp with the beat, sending a shockwave through the revellers around you!
The orc is severely wounded.
The orc wizard is severely wounded.
The adder is heavily wounded.
The orc priest is moderately wounded.
You can no longer stomp with the beat.
You feel sick. The adder bites you but does no damage.
The orc wizard closely misses you.
The orc priest hits you with a +0 short sword.
* * * LOW HITPOINT WARNING * * *
The orc hits you but does no damage.
You can now stomp with the beat.
You feel better. The adder closely misses you.
The orc wizard points at you and mumbles some strange words.
You are confused.
The orc priest hits you with a +0 short sword.
* * * LOW HITPOINT WARNING * * *
The orc hits you with a +0 mace.
* * * LOW HITPOINT WARNING * * *
You are too confused!
You are too confused!
It was a potion of haste.
You feel yourself speed up. The adder bites you but does no damage.
The orc wizard hits you with a +0 dagger.
* * * LOW HITPOINT WARNING * * *
The orc priest hits you with a +0 short sword.
You die...

..# #.#.# #. #.# #.#.###.
##.## ......#. ##...
♣♣♣♣♣#.#.....
####.#)#♣♣♣♣♣...♣#.###..<
#.........P...♣....###.##
....#.#.#♣...♣♣♣♣♣..)...#
##..##..)♣♣♣♣♣♣♣♣######.##
........@o...... #...
#..####ooS...... #...#.
... #......... #..###.. #.
............. #.. #
##♣.♣.♣.....# #..
......... .## ♣.♣.♣.... .♣
......... . ## . ## ♣


You could see an orc priest, an orc wizard, an adder and an orc.

Vanquished Creatures
  A scorpion (D:4)
  A howler monkey (D:4)
  A hound (D:4)
  Jessica (D:3)
  3 adders
  2 worms
  2 dart slugs (D:2)
  7 ball pythons
  9 bats
  5 endoplasms
  2 giant cockroaches (D:3)
  9 goblins
  6 hobgoblins
  3 quokkas
  4 frilled lizards
  9 kobolds
  A rat (D:3)
66 creatures vanquished.

Vanquished Creatures (others)
  A bat (D:3)
1 creature vanquished.

Grand Total: 67 creatures vanquished

Notes
Turn   | Place    | Note
-------+----------+-------------------------------------------
     0 | D:1      | enile the Troll Wanderer began the quest for the Orb.
     0 | D:1      | enile set off with the following items: a +0 dagger, 9
                  | boomerangs, a scroll of fog, 29 stones, a +0 robe; and the
                  | following spells available to memorise: Animate Skeleton,
                  | Sandblast, Vampiric Draining, Stone Arrow, Anguish
     0 | D:1      | Reached XP level 1. HP: 16/16 MP: 1/1
    76 | D:1      | Reached skill level 1 in Unarmed Combat
    78 | D:1      | Found a faded altar of an unknown god.
   174 | D:1      | Reached XP level 2. HP: 24/24 MP: 2/2
   720 | D:1      | Prayed at the altar of an unknown god.
   720 | D:1      | Became a worshipper of Uskayaw the Reveller
   720 | D:1      | Reached * piety under Uskayaw
   762 | D:2      | Reached ** piety under Uskayaw
   770 | D:2      | Reached *** piety under Uskayaw
   798 | D:2      | Reached skill level 1 in Fighting
   798 | D:2      | Reached XP level 3. HP: 20/33 MP: 3/3
  1369 | D:3      | Reached skill level 1 in Dodging
  1377 | D:3      | Found a transporter.
  1438 | D:3      | Reached XP level 4. HP: 41/42 MP: 4/4
  1536 | D:3      | Found Seym's One-of-a-Kind Rings.
  1682 | D:3      | Noticed Jessica
  1684 | D:3      | Killed Jessica
  1802 | D:3      | Found a white marble altar of Elyvilon.
  1845 | D:3      | Found a transporter.
  1979 | D:4      | Reached XP level 5. HP: 46/49 MP: 5/5
  2081 | D:4      | Reached skill level 1 in Evocations
  2154 | D:4      | HP: 1/49 [orc priest/+0 short sword (6)]
  2156 | D:4      | Slain by an orc priest

Illustrated notes

Levels and vault maps discovered:
D:1:      dpeg_arrival_rhombus, layout_basic, shapermc_ecumenical_altar_gd,
          minmay_misc_feat_four_crosses, minmay_tetromino_o2
D:2:      layout_rooms, corexii_item_surrounded_by_moat, hex_large
D:3:      gammafunk_steamed_eel, layout_basic, elyvilon_altar_4,
          hangedman_abyss_or_decor_lesser_grid, grunt_ministairs_10,
          nicolae_shop_unique_rings, minmay_misc_feat_alley, uniq_jessica
D:4:      layout_loops_ring, serial_forest, infiniplex_forest_straight_1,
          infiniplex_forest_zigzag_1, infiniplex_forest_straight_4,
          infiniplex_forest_lined_3, infiniplex_forest_straight_4,
          infiniplex_forest_lined_1, infiniplex_forest_end_2

Skill      XL: |  1  2  3  4  5 |
---------------+----------------+-----
Unarmed Combat | 1 2 |  2.0
Fighting       | 1 2 |  2.0
Dodging        | 1 2 3 |  3.0
Evocations     | 1 |  1.8
Throwing       | |  1.7
Stealth        | |  1.0
Spellcasting   | |  1.0
Necromancy     | |  4.1
Earth Magic    | |  1.0

Action                   |  1- 3 |  4- 6 || total
-------------------------+-------+-------++-------
Melee: Unarmed           |   137 |    81 ||   218
       Punch             |     3 |     1 ||     4
Invok: Stomp             |       |     1 ||     1
  Use: Potion            |       |     4 ||     4
 Stab: Sleeping          |     1 |     1 ||     2
Armor: Robe              |    64 |    53 ||   117
Dodge: Dodged            |   103 |    58 ||   161

Table legend: (Time is in decaauts)
 A = Elapsed time spent in this place.
 B = Non-inter-level travel time spent in this place.
 C = Inter-level travel time spent in this place.
 D = Time resting spent in this place.
 E = Time spent auto-exploring this place.
 F = Levels seen in this place.
 G = Mean time per level.
                   A        B        C        D        E       F      G
               +--------+--------+--------+--------+--------+-----+--------+
         Total |   2149 |   2074 |     75 |      0 |   1621 |   4 |  537.2 |
       Dungeon |   2149 |   2074 |     75 |      0 |   1621 |   4 |  537.2 |
               +--------+--------+--------+--------+--------+-----+--------+

Top non-repeatable levels by time:
     D:1: 738 daAuts
     D:3: 726 daAuts
     D:2: 500 daAuts
     D:4: 184 daAuts
